 Dungeon Crawl Stone Soup version 0.28.0-53-g5a82cb258f (webtiles) character file.

Game seed: 15460778098678003753

45 einval the Conjurer (level 3, -6/26 HPs)
             Began as a Draconian Conjurer on June 3, 2022.
             Killed by nerve-wracking pain
             ... invoked by Grinder
              (11 damage)
             ... on level 3 of the Dungeon.
             The game lasted 00:08:22 (2286 turns).

einval the Conjurer (Draconian Conjurer)            Turns: 2286, Time: 00:08:22

Health: -6/26      AC:  9    Str:  9    XL:     3   Next: 42%
Magic:  1/6        EV: 12    Int: 20    God:
Gold:   93         SH:  0    Dex:  9    Spells: 5/6 levels left

rFire   . . .      SeeInvis .   d - +0 long sword
rCold   . . .      Faith    .   (no shield)
rNeg    . . .      Spirit   .   (armour unavailable)
rPois   .          Reflect  .   (helmet restricted)
rElec   .          Harm     .   (no cloak)
rCorr   .          Rampage  .   (no gloves)
Will    .....                   (no boots)
Stlth   ++........              (no amulet)
HPRegen 0.08/turn               b - +4 ring of protection
MPRegen 0.10/turn               (no ring)

@: no status effects
A: AC +5, unfitting armour, cold-blooded
a: no special abilities


You were on level 3 of the Dungeon.
You visited 1 branch of the dungeon, and saw 3 of its levels.

You collected 93 gold pieces.

Inventory:

Hand Weapons
 d - a +0 long sword (weapon)
 j - a +0 rapier
Missiles
 h - 21 arrows
 m - 21 bolts
Jewellery
 b - a +4 ring of protection (left hand)
Scrolls
 a - a scroll of teleportation {unknown}
 f - a scroll of silence {unknown}
 i - 2 scrolls of fog {unknown}
 k - a scroll of magic mapping {unknown}
Potions
 c - 2 potions of heal wounds {unknown}
 e - a potion of magic {unknown}
 g - a potion of attraction {unknown}
 l - a potion of degeneration {unknown}


   Skills:
 + Level 0.6 Long Blades
 + Level 1.9 Dodging
 + Level 2.0 Stealth
 + Level 2.3 Spellcasting
 + Level 4.8 Conjurations


You had 5 spell levels left.
You knew the following spells:

 Your Spells              Type           Power      Damage    Failure   Level
a - Magic Dart            Conj           84%        1d7       2%          1

Your spell library contained the following spells:

 Spells                   Type           Power      Damage    Failure   Level
 Searing Ray              Conj           42%        2d6       3%          2
 Dazzling Flash           Conj/Hex       22%        N/A       17%         3
 Fulminant Prism          Conj/Hex       5%         3d7       50%         4
 Iskenderun's Mystic Bla  Conj/Tloc      11%        2d4       50%         4


Dungeon Overview and Level Annotations

Branches:
Dungeon (3/15)

Altars:

Shops:
D:2 (

Annotations:
D:3 Grinder


Innate Abilities, Weirdness & Mutations

Your plain brown scales are hard. (AC +5)
You cannot fit into any form of body armour.
You are cold-blooded and may be slowed by cold attacks.


Message History

Confirm with . or Enter, or press ? or * to list all spells.
Aiming: Magic Dart (safe; 2% risk of failure)
Press: ? - help, Shift-Dir - straight line, f/p - Grinder
Aim: Grinder, carrying a wand of flame (2) (lightly wounded, 100% to hit)
The magic dart hits Grinder.
Grinder is lightly wounded.
Casting: Magic Dart (safe; 2% risk of failure)
Confirm with . or Enter, or press ? or * to list all spells.
Aiming: Magic Dart (safe; 2% risk of failure)
Press: ? - help, Shift-Dir - straight line, f/p - Grinder
Aim: Grinder, carrying a wand of flame (2) (lightly wounded, 100% to hit)
The magic dart hits Grinder.
Grinder is lightly wounded.
You closely miss Grinder.
Grinder is lightly wounded.
Grinder gestures at you.
You barely resist. Grinder gestures at you. Pain shoots through your body!
Unknown command.
You hit Grinder.
Grinder is moderately wounded.
Grinder blinks!
Grinder zaps a wand.
The puff of flame hits you.
Casting: Magic Dart (safe; 2% risk of failure)
Confirm with . or Enter, or press ? or * to list all spells.
Aiming: Magic Dart (safe; 2% risk of failure)
Press: ? - help, Shift-Dir - straight line, f/p - Grinder
Aim: Grinder, carrying a wand of flame (1) (moderately wounded, 100% to hit)
The magic dart hits Grinder.
Grinder is moderately wounded.
Grinder gestures at you. Pain shoots through your body!
* * * LOW HITPOINT WARNING * * *
Casting: Magic Dart (safe; 2% risk of failure)
Confirm with . or Enter, or press ? or * to list all spells.
Okay, then.
Grinder gestures at you. Pain shoots through your body!
You die...

.#.. ........ ...
#.....# #.# #......
#.#+##......
#5.....##+#.
+......'....
#......##.##
#########......#....
#..@....5......#..#.
#.##############..#.
# ##... #.## #.# #.#
..


You could see Grinder.

Vanquished Creatures
  2 adders (D:2)
  2 dart slugs
  A bat (D:2)
  2 endoplasms (D:2)
  2 giant cockroaches
  3 goblins (D:1)
  3 hobgoblins
  A quokka (D:1)
  2 ball pythons (D:2)
  2 frilled lizards
  A kobold (D:2)
21 creatures vanquished.

Notes
Turn   | Place    | Note
-------+----------+-------------------------------------------
     0 | D:1      | einval the Draconian Conjurer began the quest for the Orb.
     0 | D:1      | Reached XP level 1. HP: 14/14 MP: 3/3
   455 | D:1      | Reached XP level 2. HP: 20/20 MP: 0/5
  1123 | D:2      | Found Xoxtumuxt's Weapon Boutique.
  1315 | D:2      | Reached XP level 3. HP: 26/26 MP: 2/6
  2267 | D:3      | Noticed Grinder
  2272 | D:3      | Paralysed by Grinder for 3 turns
  2286 | D:3      | Killed from afar by Grinder

Illustrated notes

Levels and vault maps discovered:
D:1:      mainiacjoe_arrival_reflecting_pool, layout_loops_ring, serial_glass,
          glass_columns_c, glass_columns_a, glass_columns_b, glass_columns_a,
          chequers_serial_rivers_small_b
D:2:      layout_basic, serial_shops, shop
D:3:      layout_basic, uniq_crazy_yiuf_cottage, uniq_grinder

Skill      XL: |  1  2 |
---------------+-------+-----
Stealth        | 2 |  2.0
Long Blades    | |  0.6
Dodging        | |  1.9
Spellcasting   | |  2.3
Conjurations   | |  4.8

Action                   || total
-------------------------++-------
Melee: Long sword        ||    22
 Cast: Magic Dart        ||    43
  Use: Potion            ||     1
Armor: Skin              ||     9
Dodge: Dodged            ||    20
